 Dungeon Crawl Stone Soup version 0.20.1-1-g8b1a95d (webtiles) character file.

1034 vatarom the Conjurer (level 8, -1/61 HPs)
             Began as a Demonspawn Venom Mage on Oct 5, 2017.
             Succumbed to Duvessa's poison
             ... on level 6 of the Dungeon.
             The game lasted 00:19:52 (5080 turns).

vatarom the Conjurer (Demonspawn Venom Mage)        Turns: 5080, Time: 00:19:52

Health: -1/61      AC:  9    Str: 11    XL:     8   Next: 3%
Magic:  1/13       EV: 12    Int: 16    God:
Gold:   285        SH:  0    Dex: 14    Spells: 4/14 levels left

rFire    . . .     SeeInvis .   w - +0 hand axe
rCold    + . .     Gourm    .   (no shield)
rNeg     . . .     Faith    .   a - +0 robe
rPois    .         Spirit   .   k - +0 helmet
rElec    +         Reflect  .   r - +0 cloak
rCorr    .         Harm     +   (no gloves)
MR       .....                  j - +2 pair of boots
Stlth    ++........             q - amulet of harm
Regen    0.6/turn               f - +1 ring of slaying
MPRegen  0.2/turn               x - ring of protection from cold

@: lethally poisoned (-1 -> -16), very slightly contaminated
A: hooves 1, yellow scales 1, mutation resistance 1, regeneration 1, electricity
resistance
a: no special abilities


You were on level 6 of the Dungeon.
You were not hungry.

You visited 1 branch of the dungeon, and saw 6 of its levels.
You also visited: Ossuary.

You collected 285 gold pieces.

Inventory:

Hand Weapons
 w - a +0 hand axe (weapon)
Missiles
 i - a throwing net (quivered)
Armour
 a - a +0 robe (worn)
 j - a +2 pair of boots (worn)
 k - a +0 helmet (worn)
 r - a +0 cloak (worn)
Jewellery
 f - a +1 ring of slaying (left hand)
 m - an uncursed amulet of regeneration
 q - an amulet of harm (around neck)
 x - a ring of protection from cold (right hand)
Wands
 B - a wand of disintegration (14/24)
Scrolls
 d - a scroll of enchant weapon
 e - 3 scrolls of identify
 p - 2 scrolls of teleportation
 t - 3 scrolls of enchant armour
 u - 3 scrolls of remove curse
 v - 4 scrolls of recharging
 y - a scroll of amnesia
 z - a scroll of fear
 A - a scroll of magic mapping
Potions
 n - 2 potions of flight
 o - a potion of lignification {unknown}
 s - 2 potions of haste
 C - a potion of ambrosia
Books
 b - a Young Poisoner's Handbook

   Spells                             Type                      Level
   a - Sting                          Conjuration/Poison           1
   b - Poisonous Vapours              Poison/Air                   2
   c - Mephitic Cloud                 Conjuration/Poison/Air       3
   d - Olgreb's Toxic Radiance        Poison                       4
   e - Venom Bolt                     Conjuration/Poison           5
Comestibles
 c - a bread ration
 g - 3 meat rations
 h - 7 fruits


   Skills:
 * Level 4.9 Fighting
 - Level 1.7 Dodging
 - Level 1.7 Stealth
 + Level 3.9 Spellcasting
 * Level 5.3 Conjurations
 + Level 5.1 Poison Magic


You had 4 spell levels left.
You knew the following spells:

 Your Spells              Type           Power        Failure   Level  Hunger
a - Sting                 Conj/Pois      ###.         1%          1    None
b - Poisonous Vapours     Pois/Air       ##....       9%          2    ##.....
c - Mephitic Cloud        Conj/Pois/Air  ##......     12%         3    ###....
d - Olgreb's Toxic Radia  Pois           ###.....     21%         4    ####...


Dungeon Overview and Level Annotations

Branches:
Dungeon (6/15)
 Temple: D:4-7

Altars:
Elyvilon

Shops:
D:4 %

Annotations:
D:4 1 exclusion
D:5 raph's ghost, novice DEFE
D:6 Dowan; Duvessa


Innate Abilities, Weirdness & Mutations

You have large cloven feet.
You are partially covered in yellow scales. (AC +2)
You are somewhat resistant to further mutation.
Your natural rate of healing is unusually fast.
You are resistant to electric shocks. (rElec)


Message History

Duvessa barely misses you.
Casting: Olgreb's Toxic Radiance
Confirm with . or Enter, or press ? or * to list all spells.
You don't have enough magic to cast that spell.
Unknown command.
You feel sick.
Casting: Olgreb's Toxic Radiance
Confirm with . or Enter, or press ? or * to list all spells.
Aiming: Poisonous Vapours
Press: ? - help, Dir - move target cursor, f - Duvessa
Aim: Duvessa, wielding a short sword of venom and wearing a runed leather armour (almost dead, poisoned) Poisonous vapours surround Duvessa!
You feel sick.
Duvessa is engulfed in poison gas.
Duvessa looks even sicker.
Duvessa hits you with a short sword of venom!
* * * LOW HITPOINT WARNING * * *
You are more poisoned.
Dowan says, "My weaknesses are her strengths!"
Unknown command.
A worker ant comes into view.
You die...

#.#.#+#'#.#.#.#.# a#
#.......#.#.#.#.#
.#.#.#.......#.#.#.#.#
##.#.#.#.#+......#.#.#.#.##
#.#.#.#.#.#......+#.#.#.#.#
#.#.#.#.#.......#.#.#.#.##
#.....#.#.#+#+#.#.#.#.#.#
#...#.#.#.#.#.#.#.#.#.##
+......#.#@#.#)#.#.#.#.# .####
#.....#.#.#.#.#.#.#.#....
....#+.....+#e#.#.#.#.#.#+....
#.#.#.....#5#.#.#.#.#.#.# ..
###e.#.#+...e#.#>#.#.#.#.#..
....#.#.#...#.#.#.#.#.#.#.#.
..5..#.#.....#.#.#.#.#.#.#.#
...(#.#.#.#.#.#.#.#.#.#.#.#.#
.....#.#.#.#.#.#.#.#.#... #.


You could see Duvessa, Dowan, a worker ant (sleeping) and a shadow imp.

Vanquished Creatures
  2 ice beasts (D:6)
  A black bear (D:6)
  A centaur (D:6)
  A bullfrog (D:6)
  A scorpion (D:4)
  A jelly (D:5)
  2 orc priests
  3 orc wizards
  Jessica (D:3)
  6 worker ants
  An iguana (D:6)
  A hound zombie (D:6)
  A hound skeleton (D:4)
  Robin (D:3)
  7 adders
  An adder skeleton (D:5)
  3 worms
  A dart slug (D:3)
  5 leopard geckos
  4 orcs (D:4)
  7 giant cockroaches
  14 goblins
  10 hobgoblins
  6 quokkas
  7 bats
  7 frilled lizards
  A gnoll zombie (Ossuary)
  A hobgoblin zombie (Ossuary)
  5 kobolds
  3 kobold zombies (Ossuary)
  6 rats
111 creatures vanquished.

Notes
Turn   | Place    | Note
-------+----------+-------------------------------------------
     0 | D:1      | vatarom the Demonspawn Venom Mage began the quest for the Orb.
     0 | D:1      | Reached XP level 1. HP: 13/13 MP: 3/3
   436 | D:1      | Gained mutation: You are partially covered in yellow scales. (AC +2) [demonic ancestry]
   436 | D:1      | Reached XP level 2. HP: 17/19 MP: 3/5
   641 | D:1      | Learned a level 2 spell: Poisonous Vapours
  1333 | D:2      | Reached XP level 3. HP: 25/25 MP: 1/6
  1386 | D:2      | Learned a level 3 spell: Mephitic Cloud
  1525 | D:2      | Reached skill level 1 in Fighting
  1709 | D:2      | Found a faded altar of an unknown god.
  2259 | D:3      | Gained mutation: You have large cloven feet. [demonic ancestry]
  2259 | D:3      | Reached XP level 4. HP: 32/32 MP: 4/7
  2320 | D:3      | Noticed Robin
  2334 | D:3      | Killed Robin
  2508 | D:3      | Noticed Jessica
  2509 | D:3      | Killed Jessica
  2815 | D:4      | Reached XP level 5. HP: 38/38 MP: 3/9
  2954 | D:4      | Gained mutation: Your natural rate of healing is unusually fast. [potion of mutation]
  2954 | D:4      | Gained mutation: You are somewhat resistant to further mutation. [potion of mutation]
  2954 | D:4      | Gained mutation: You are resistant to electric shocks. (rElec) [potion of mutation]
  3122 | D:4      | Noticed a phantom
  3305 | D:4      | Reached XP level 6. HP: 46/46 MP: 5/10
  3369 | D:4      | Found Viguis's Food Shoppe.
  3551 | D:4      | Learned a level 4 spell: Olgreb's Toxic Radiance
  3788 | D:5      | Entered Level 5 of the Dungeon
  3819 | D:5      | Found a white marble altar of Elyvilon.
  3829 | D:5      | Noticed raph's ghost (novice DEFE)
  3907 | D:5      | Found a sand-covered staircase.
  3922 | Ossuary  | Entered an ossuary
  3948 | Ossuary  | HP: 1/47 [mummy (19)]
  4673 | D:5      | Reached XP level 7. HP: 50/52 MP: 12/12
  5012 | D:6      | Reached skill level 5 in Poison Magic
  5031 | D:6      | Reached skill level 5 in Conjurations
  5056 | D:6      | Noticed Duvessa
  5056 | D:6      | Noticed Dowan
  5066 | D:6      | Reached XP level 8. HP: 37/61 MP: 5/13
  5079 | D:6      | HP: 1/61 [Duvessa/short sword of venom (16)]
  5080 | D:6      | Succumbed to Duvessa's poison

Skill      XL: |  1  2  3  4  5  6  7 |
---------------+----------------------+-----
Conjurations   | 2 3 4 5 |  5.3
Fighting       | 1 2 3 4 |  4.9
Spellcasting   | 3 |  3.9
Poison Magic   | 4 5 |  5.1
Dodging        | |  1.7
Stealth        | |  1.7

Action                   |  1- 3 |  4- 6 |  7- 9 || total
-------------------------+-------+-------+-------++-------
Melee: Short sword       |    57 |    19 |       ||    76
       Hand axe          |       |    79 |    73 ||   152
 Cast: Sting             |    53 |    44 |     8 ||   105
       Poisonous Vapours |    12 |    17 |     8 ||    37
       Mephitic Cloud    |     1 |     2 |       ||     3
       Olgreb's Toxic Ra |       |     1 |     3 ||     4
  Use: Scroll            |     9 |    11 |       ||    20
       Potion            |       |     3 |       ||     3
 Stab: Sleeping          |     2 |     1 |     1 ||     4
       Confused          |       |     3 |       ||     3
       Distracted        |       |     1 |       ||     1
  Eat: Chunk             |     6 |     2 |     1 ||     9
       Bread ration      |       |     2 |       ||     2
Armor: Robe              |    18 |    47 |    47 ||   112
Dodge: Dodged            |    43 |    84 |    74 ||   201
